 Dungeon Crawl Stone Soup version 0.19-a0-1792-g28b16ba (webtiles) character file.

728 4thArraOfDagon the Grappler (level 7, 49/66 HPs)
             Began as a Troll Monk on Oct 4, 2016.
             Quit the game on level 6 of the Dungeon.
             The game lasted 00:02:03 (461 turns).

4thArraOfDagon the Grappler (Troll Monk)             Turns: 461, Time: 00:02:04

Health: 49/66      AC:  5    Str: 20    XL:     7   Next: 44%
Magic:  6/6        EV: 10    Int:  8    God:
Gold:   123        SH:  0    Dex: 12    Spells: 0 memorised, 6 levels left

rFire  . . .     SeeInvis .       - Unarmed
rCold  . . .     Gourm    +     a - +0 robe
rNeg   . . .     Faith    .     (no shield)
rPois  .         Spirit   .     (helmet restricted)
rElec  .         Dismiss  .     (no cloak)
rCorr  .         Reflect  .     (gloves unavailable)
MR     .....     Harm     .     (boots unavailable)
Stlth  +.........               (no amulet)
                                (no ring)
                                (no ring)

@: no status effects
A: unfitting armour, claws 3, fast metabolism 3, gourmand, regeneration 1,
shaggy fur 1, tough skin 2
a: no special abilities


You were on level 6 of the Dungeon.
You were not hungry.

You visited 1 branch of the dungeon, and saw 8 of its levels.

You collected 123 gold pieces.

Inventory:

Armour
 a - a +0 robe (worn)
Comestibles
 b - 3 bread rations
 f - a meat ration


   Skills:
 - Level 2.4 Fighting
 - Level 2.4 Dodging
 - Level 1.1 Stealth
 * Level 8.8 Unarmed Combat


You had 6 spell levels left.
You didn't know any spells.

Dungeon Overview and Level Annotations

Branches:
Dungeon (8/15)
 Temple: D:4-7         Lair: D:8-11

Altars:
Elyvilon
Makhleb
Vehumet
Xom

Annotations:
D:7 4thArraOfDagon's ghost, novice TrMo


Innate Abilities, Weirdness & Mutations

You are too large for most types of armour.
You have claws for hands.
Your metabolism is lightning-fast.
You like to eat raw meat.
Your natural rate of healing is unusually fast.
You are covered in fur. (AC +1)
You have very tough skin. (AC +2)


Message History

The adder hisses angrily.
Found 20 stones and a trident.
You see here 17 arrows.
You claw the adder!
The adder is almost dead.
The adder bites you.
You closely miss the adder.
The adder is almost dead.
The adder barely misses you.
You closely miss the adder.
The adder is almost dead.
The adder barely misses you.
You scratch the adder.
You kill the adder!
No target in view!
No target in view!
Found a bread ration.
You see here a bread ration.
b - 3 bread rations (gained 1) Are you sure you want to abandon this character and quit the game? (Confirm with "yes".)

#.....
######.########
+....
+.......(..(....
#....
########.#####.#
#..# ##.# #.##
### ####..##...
.. #...)....#
######.
#.@......#
.....#.
#........#
._.....
#####.##.# #.
#.##.#########.
#.##......).(..
..##.#........
#. #.#.#######
#.##...#<..... #
#..#.#.#......


There were no monsters in sight!

Vanquished Creatures
  A centaur zombie (D:6)
  Menkaure (D:7)
  An ice beast (D:6)
  An eye of draining (D:6)
  A centaur (D:6)
  A hound (D:7)
  An adder (D:6)
  A worm (D:6)
  2 goblins (D:1)
  3 hobgoblins
  2 jackals (D:1)
  2 kobolds
  A bat (D:2)
  A frilled lizard (D:4)
19 creatures vanquished.

Notes
Turn   | Place    | Note
-------+----------+-------------------------------------------
     0 | D:1      | 4thArraOfDagon the Troll Monk began the quest for the Orb.
     0 | D:1      | Reached XP level 1. HP: 22/22 MP: 0/0
   113 | D:1      | Reached XP level 2. HP: 29/29 MP: 1/1
   136 | D:2      | Found a shimmering altar of Xom.
   153 | D:2      | Found a burning altar of Makhleb.
   156 | D:2      | Noticed a balrug
   192 | D:4      | You fall through a shaft for 2 floors!
   196 | D:6      | Noticed an eye of draining
   196 | D:6      | Noticed a centaur warrior zombie
   198 | D:6      | Found a radiant altar of Vehumet.
   211 | D:6      | Killed a centaur warrior zombie
   211 | D:6      | Reached skill level 7 in Unarmed Combat
   211 | D:6      | Reached XP level 3. HP: 11/36 MP: 0/2
   211 | D:6      | Reached XP level 4. HP: 14/44 MP: 0/3
   211 | D:6      | Reached XP level 5. HP: 16/50 MP: 0/4
   211 | D:6      | Reached XP level 6. HP: 19/59 MP: 0/5
   235 | D:6      | Noticed an ice beast
   254 | D:5      | Entered Level 5 of the Dungeon
   295 | D:6      | Killed an ice beast
   295 | D:6      | Reached skill level 8 in Unarmed Combat
   355 | D:7      | Noticed Menkaure
   365 | D:7      | Reached XP level 7. HP: 34/66 MP: 6/6
   367 | D:7      | Noticed 4thArraOfDagon's ghost (novice TrMo)
   369 | D:7      | Killed Menkaure
   408 | D:6      | Found a white marble altar of Elyvilon.
   461 | D:6      | Quit the game

Vault maps used:
D:1:      dpeg_arrival_tiny_k, nrook_loot_triangle
D:2:      xom_teletrap_fun, makhleb_altar_promises_db, first_bread,
          minmay_misc_feat_pillars, serial_park_tiny_1
D:3:      grunt_temple_overflow_gold_and_silver, trog_hazing_becter
D:4:      nicolae_gozag_cash_rules_everything_around_me
D:5:      serial_bayou_lake_a
D:6:      gammafunk_temple_overflow_claw, kennysheep_little_box, vehumet_statue,
          uniq_prince_ribbit1
D:7:      nicolae_overflow_crystal_walls, fountainhead, hangedman_decor_lopped,
          uniq_menkaure
D:8:      nicolae_ossuary_entry_giza, uniq_maurice

Skill      XL: |  1  2  3  4  5  6 |
---------------+-------------------+-----
Unarmed Combat | 7 8 |  8.8
Fighting       | |  2.4
Dodging        | |  2.4
Stealth        | |  1.1

Action                   |  1- 3 |  4- 6 |  7- 9 || total
-------------------------+-------+-------+-------++-------
Melee: Unarmed           |    64 |    12 |    13 ||    89
       Punch             |     1 |       |       ||     1
  Use: Scroll            |       |     2 |     2 ||     4
       Potion            |       |       |     1 ||     1
  Eat: Chunk             |       |       |     2 ||     2
Armor: Robe              |    27 |     2 |     1 ||    30
Dodge: Dodged            |    39 |     3 |     8 ||    50
